 Dungeon Crawl Stone Soup version 0.19.0 (webtiles) character file.

9029 Gingerlord the Blocker (level 11, -7/89 HPs)
             Began as a Minotaur Fighter on Nov 1, 2016.
             Was a Priest of Hepliaklqana.
             Mangled by an eight-headed hydra (11 damage)
             ... on level 10 of the Dungeon.
             The game lasted 00:23:13 (7761 turns).

Gingerlord the Blocker (Minotaur Fighter)           Turns: 7761, Time: 00:23:16

Health: -7/89      AC: 18    Str: 21    XL:     11   Next: 17%
Magic:  10/10      EV: 10    Int:  5    God:    Hepliaklqana [***...]
Gold:   531        SH: 13    Dex: 17    Spells: 0 memorised, 10 levels left

rFire  . . .     SeeInvis .     a - +1 war axe
rCold  . . .     Gourm    .     n - +0 plate armour
rNeg   . . .     Faith    .     c - +1 shield
rPois  +         Spirit   .     (helmet restricted)
rElec  .         Reflect  .     y - +0 cloak
rCorr  .         Harm     .     v - +0 pair of gloves
MR     .....                    w - +0 pair of boots
Stlth  ..........               (no amulet)
                                l - ring of poison resistance
                                r - +4 ring of dexterity

@: about to teleport
A: retaliatory headbutt, reduced essence, horns 2
a: Recall Ancestor, Ancestor Identity, Transference, Renounce Religion


You were on level 10 of the Dungeon.
You worshipped Hepliaklqana.
Hepliaklqana was most pleased with you.
You were not hungry.

You visited 1 branch of the dungeon, and saw 10 of its levels.

You collected 531 gold pieces.

Inventory:

Hand Weapons
 a - a +1 war axe (weapon)
Armour
 c - a +1 shield (worn)
 n - a +0 plate armour (worn)
 v - a +0 pair of gloves (worn)
 w - a +0 pair of boots (worn)
 y - a +0 cloak (worn)
Jewellery
 l - a ring of poison resistance (right hand)
 r - a +4 ring of dexterity (left hand)
 s - an uncursed ring of protection from fire {unknown}
Scrolls
 b - 2 scrolls of fog {unknown}
 u - a scroll of enchant weapon
 z - 3 scrolls of enchant armour
 C - a scroll of amnesia {unknown}
Potions
 d - 3 potions of might
 e - 3 potions of flight
 h - 3 potions of agility
 i - 2 potions of lignification
 j - a potion of cancellation
 p - 3 potions of haste
 q - a potion of berserk rage
 t - a potion of brilliance
 x - 2 potions of resistance
 B - a potion of curing
 D - a potion of degeneration {unknown}
Comestibles
 f - 9 bread rations
 g - 5 beef jerkies
 m - a slice of pizza
 o - 5 meat rations


   Skills:
 + Level 10.1 Fighting
 + Level 9.6 Axes
 + Level 9.9 Armour
 + Level 8.5 Dodging
 + Level 10.3 Shields


You had 10 spell levels left.
You didn't know any spells.

Dungeon Overview and Level Annotations

Branches:
Dungeon (10/15)            Temple (0/1) D:4            Lair (0/6) D:9
    Orc (0/2) D:10

Altars:
Fedhas
Gozag
Hepliaklqana
Ru
Sif Muna
Vehumet


Innate Abilities, Weirdness & Mutations

You reflexively headbutt those who attack you in melee.
You have a pair of horns on your head.
Your life essence is reduced. (-10% HP)


Message History

* * * LOW HITPOINT WARNING * * *
The eight-headed hydra barely misses you.
You are too injured to fight recklessly!
Unknown command.
You feel much better. The eight-headed hydra bites you.
The eight-headed hydra barely misses you.
The eight-headed hydra bites you but does no damage.
You block the eight-headed hydra's attack. x2
The eight-headed hydra barely misses you.
The eight-headed hydra bites you but does no damage.
The eight-headed hydra bites you!
* * * LOW HITPOINT WARNING * * *
As you read the scroll of teleportation, it crumbles to dust.
You feel strangely unstable. The eight-headed hydra bites you!
* * * LOW HITPOINT WARNING * * *
The eight-headed hydra bites you.
* * * LOW HITPOINT WARNING * * *
You block the eight-headed hydra's attack.
The eight-headed hydra bites you!
You die...

#.....##..........
#.....##..........
##.....##..........
#####..........†.......
###...#......###........#
......†....#####........#
###...†..#.####........>.
###........##............
...........##.#.@........
###...###.......D........
.>#...# ................
....### ......#.........
.....# .....#.........
...... ..........####.
...... .... ####.. .#####
... ... ..


You could see an eight-headed hydra.

Vanquished Creatures
  A hill giant (D:10)
  Grinder (D:5)
  Prince Ribbit (D:6)
  10 yaks
  A basilisk (D:9)
  3 orc warriors
  3 porcupines (D:9)
  4 phantoms
  A black bear (D:7)
  3 ice beasts
  2 centaurs
  4 ogres
  5 crocodiles
  2 bullfrogs (D:6)
  A big kobold (D:8)
  2 scorpions
  5 killer bees (D:9)
  3 howler monkeys
  4 crimson imps
  A bullfrog zombie (D:4)
  A centaur zombie (D:6)
  3 jellies
  4 hounds
  An orc priest (D:5)
  Crazy Yiuf (D:7)
  An iguana (D:6)
  5 worker ants
  5 orc wizards
  2 centaur simulacra (D:9)
  A worker ant zombie (D:5)
  10 gnolls
  12 adders
  2 river rats (D:9)
  2 hound simulacra (D:9)
  4 shadow imps
  A white imp (D:9)
  3 ufetubi (D:9)
  2 oozes (D:4)
  An adder skeleton (D:8)
  4 worms
  2 dart slugs (D:2)
  5 leopard geckos
  15 orcs
  6 giant cockroaches
  5 goblins
  5 hobgoblins
  3 jackals (D:10)
  2 quokkas
  A ball python (D:3)
  9 bats
  8 frilled lizards
  2 jackal zombies
  10 kobolds
  10 rats
205 creatures vanquished.

Vanquished Creatures (collateral kills)
  A hill giant (D:10)
  Sigmund (D:5)
  A vampire (D:9)
  3 yaks
  A hungry ghost (D:8)
  An ice beast (D:7)
  2 ogres (D:8)
  3 phantoms
  A necrophage (D:10)
  3 crocodiles (D:9)
  A bullfrog (D:10)
  A killer bee (D:9)
  A jelly (D:9)
  A gnoll shaman (D:9)
  4 orc wizards
  3 iguanas (D:8)
  A centaur skeleton (D:8)
  A worker ant (D:6)
  A hound skeleton (D:10)
  A worker ant zombie (D:8)
  2 gnolls (D:9)
  2 adders
  A white imp (D:9)
  2 orcs (D:5)
39 creatures vanquished.

Vanquished Creatures (others)
  4 battlemagi
  An ancestor (D:6)
  A fungus (D:9)
  5 plants (D:9)
11 creatures vanquished.

Grand Total: 255 creatures vanquished

Notes
Turn   | Place    | Note
-------+----------+-------------------------------------------
     0 | D:1      | Gingerlord the Minotaur Fighter began the quest for the Orb.
     0 | D:1      | Reached XP level 1. HP: 19/19 MP: 0/0
   736 | D:2      | Reached XP level 2. HP: 27/27 MP: 1/1
   896 | D:2      | Reached XP level 3. HP: 23/33 MP: 2/2
   969 | D:2      | Reached skill level 1 in Dodging
  1318 | D:3      | Reached XP level 4. HP: 40/40 MP: 3/3
  1735 | D:4      | Found an opulent altar of Gozag.
  1873 | D:4      | Found a blossoming altar of Fedhas.
  1877 | D:4      | Found a sacrificial altar of Ru.
  1878 | D:4      | Found a radiant altar of Vehumet.
  1881 | D:4      | Found a hazy altar of Hepliaklqana.
  1888 | D:4      | Became a worshipper of Hepliaklqana the Forgotten
  1948 | D:4      | Reached XP level 5. HP: 42/42 MP: 4/4
  2056 | D:4      | Reached XP level 6. HP: 40/49 MP: 5/5
  2066 | D:4      | Reached skill level 5 in Armour
  2066 | D:4      | Reached skill level 5 in Shields
  2169 | D:4      | Reached skill level 5 in Fighting
  2207 | D:4      | Found a staircase to the Ecumenical Temple.
  2376 | D:5      | Entered Level 5 of the Dungeon
  2417 | D:5      | Reached XP level 7. HP: 42/54 MP: 6/6
  2461 | D:5      | Reached skill level 5 in Axes
  2608 | D:5      | Noticed Grinder
  2622 | D:5      | Killed Grinder
  2622 | D:5      | Reached XP level 8. HP: 39/63 MP: 7/7
  2667 | D:5      | Noticed Sigmund
  2675 | D:5      | Killed Sigmund
  3269 | D:6      | Reached * piety under Hepliaklqana
  3448 | D:6      | Reached skill level 5 in Dodging
  3606 | D:6      | Noticed Prince Ribbit
  3613 | D:6      | Killed Prince Ribbit
  3642 | D:6      | Reached XP level 9. HP: 12/71 MP: 6/8
  4887 | D:7      | Found a runed door.
  4923 | D:7      | Reached ** piety under Hepliaklqana
  4924 | D:7      | Remembered your ancestor Reginald as a battlemage
  4973 | D:7      | Noticed Crazy Yiuf
  4975 | D:7      | Killed Crazy Yiuf
  6007 | D:8      | Reached XP level 10. HP: 76/81 MP: 9/9
  6307 | D:9      | Found a deep blue altar of Sif Muna.
  7130 | D:9      | Reached skill level 10 in Shields
  7142 | D:9      | Found a staircase to the Lair.
  7225 | D:9      | Reached *** piety under Hepliaklqana
  7492 | D:10     | Entered Level 10 of the Dungeon
  7503 | D:10     | Noticed a hill giant
  7508 | D:10     | Killed a hill giant
  7508 | D:10     | Reached XP level 11. HP: 42/89 MP: 10/10
  7677 | D:10     | Noticed a hill giant
  7684 | D:10     | Killed a hill giant
  7684 | D:10     | Reached skill level 10 in Fighting
  7704 | D:10     | Found a staircase to the Orcish Mines.
  7748 | D:10     | Noticed a four-headed hydra
  7761 | D:10     | HP: 4/89 [eight-headed hydra (2)]
  7761 | D:10     | Mangled by an eight-headed hydra

Skill      XL: |  1  2  3  4  5  6  7  8  9 10 11 |
---------------+----------------------------------+-----
Axes           | 3 4 5 6 7 9 |  9.6
Armour         | 4 5 6 7 8 9 |  9.9
Dodging        | 1 2 3 4 5 7 8 |  8.5
Fighting       | 4 5 6 7 8 9 10 | 10.1
Shields        | 4 5 6 7 8 10 | 10.3

Action                   |  1- 3 |  4- 6 |  7- 9 | 10-12 || total
-------------------------+-------+-------+-------+-------++-------
Melee: War axe           |    72 |    99 |   241 |   258 ||   670
       Headbutt          |     8 |    23 |    49 |    66 ||   146
Invok: Ancestor Identity |       |     1 |       |       ||     1
       Recall Ancestor   |       |     1 |     1 |       ||     2
       Ancestor Life: Ba |       |       |     1 |       ||     1
  Use: Scroll            |       |     7 |    14 |     1 ||    22
       Potion            |       |       |     1 |     1 ||     2
 Stab: Distracted        |       |       |     1 |     3 ||     4
  Eat: Chunk             |     1 |     3 |    11 |     6 ||    21
       Pizza             |       |       |     1 |       ||     1
Armor: Scale mail        |    29 |     6 |       |       ||    35
       Chain mail        |       |    20 |    40 |       ||    60
       Plate armour      |       |       |    39 |    88 ||   127
Dodge: Dodged            |    19 |    20 |    69 |    77 ||   185
Block: Shield            |    47 |    52 |   127 |   170 ||   396
